 Dungeon Crawl Stone Soup version 0.31-a0-466-g98c9adc2b6 (webtiles) character file.

Game seed: 129325699858096842

496679 HallandMoats the End of an Era (level 23, -4/193 (205) HPs)
             Began as a Demonspawn Monk on Aug 6, 2023.
             Was the Champion of Qazlal.
             Killed by a mummy priest's death curse (12 damage)
             ... on level 14 of a ziggurat.
             The game lasted 02:14:19 (48032 turns).

HallandMoats the End of an Era (Demonspawn Monk)   Turns: 48032, Time: 02:14:20

HP:   -4/193 (205)  AC: 51    Str: 25      XL:     23   Next: 68%
MP:   0/40          EV: 11    Int: 13 (14) God:    Qazlal [******]
Gold: 4308          SH: 23    Dex: 20      Spells: 22/22 levels left

rFire   + + +        a - +8 broad axe (spect)
rCold   + + +        Y - +2 shield of Resistance {rF++ rC++ Will++}
rNeg    . . .        D - +12 gold dragon scales
rPois   +            j - +1 hat "Urghasur" {Rampage Regen+ Str+3 Int+3}
rElec   .            S - +2 cloak {rPois}
rCorr   +            (gloves unavailable)
SInv    .            R - +1 pair of boots {Fly}
Will    +++..        H - amulet of Asenemiv {Spirit Dex+3} Stlth
                     K - +4 ring of protection
HPRegen 11.32/turn   k - +4 ring of protection
MPRegen 0.27/turn

%: repel missiles, guardian spirit, rampage
@: flying, slowed, studying 2 skills, drained, very slow
A: claws 3, yellow scales 3, demonic guardian 3, powered by death 3,
augmentation 2, deterioration 1
}: 3/15 runes: decaying, silver, gossamer
a: Renounce Religion, Upheaval, Elemental Force, Disaster Area


You were on level 14 of a ziggurat.
You worshipped Qazlal.
Qazlal was exalted by your worship.
You visited 8 branches of the dungeon, and saw 40 of its levels.
You visited 1 bazaar.
You visited 1 ziggurat, and saw 14 of its levels.
You also visited: Sewer, Gauntlet and Wizlab.

You collected 6935 gold pieces.
You spent 2627 gold pieces at shops.

Inventory:

Hand Weapons
 a - a +8 spectral broad axe (weapon)
 b - a +2 whip of draining
 T - the +9 sword of Zonguldrok {reap}
   (You found it in a Gauntlet)
Missiles
 L - 4 throwing nets (quivered)
Armour
 d - an orb of light
 f - a +2 helmet of see invisible
 j - the +1 hat "Urghasur" (worn) {Rampage Regen+ Str+3 Int+3}
   (You acquired it on level 4 of a ziggurat)

   Str:       It affects your strength (+3).
   Int:       It affects your intelligence (+3).
   Regen:     It increases your rate of health regeneration.
   Rampage:   It bestows one free step when moving towards enemies.
 x - +0 pearl dragon scales
 D - +12 gold dragon scales (worn)
 Q - the sphere of Battle
   (You found it on level 9 of a ziggurat)

   It enhances your destructive magic.
   It weakens your non-destructive magic.
   It summons a battlesphere in combat, with strength depending on Conjurations
   skill.
 R - a +1 pair of boots of flying (worn)
 S - a +2 cloak of poison resistance (worn)
 Y - the +2 shield of Resistance (worn) {rF++ rC++ Will++}
   (You bought it in a shop on level 2 of the Orcish Mines)

   rF:        It greatly protects you from fire.
   rC:        It greatly protects you from cold.
   Will:      It greatly increases your willpower.
Jewellery
 e - a ring of willpower
 k - a +4 ring of protection (right claw)
 E - a +4 ring of slaying
 H - the amulet of Asenemiv (around neck) {Spirit Dex+3}
   (You bought it in a shop in a bazaar)

   [amulet of guardian spirit]

   It causes incoming damage to be divided between your reserves of health and
   magic.
   Dex:       It affects your dexterity (+3).
 K - a +4 ring of protection (left claw)
Talismans
 O - a storm talisman
 P - a dragon-blood talisman
Wands
 i - a wand of digging (10)
 l - a wand of mindburst (47)
 u - a wand of roots (72)
 V - a wand of quicksilver (56)
 X - a wand of paralysis (50)
Scrolls
 h - 5 scrolls of immolation
 o - 34 scrolls of teleportation
 q - 8 scrolls of fog
 s - 5 scrolls of summoning
 w - 4 scrolls of enchant weapon
 y - 2 scrolls of revelation
 C - 8 scrolls of amnesia
 I - 5 scrolls of poison
 J - 9 scrolls of fear
 M - 3 scrolls of blinking
 U - a scroll of silence
 W - 37 scrolls of identify
 Z - 2 scrolls of brand weapon
Potions
 c - 3 potions of ambrosia
 g - 8 potions of heal wounds
 n - 8 potions of brilliance
 p - 11 potions of might
 r - 3 potions of haste
 t - 2 potions of magic
 v - 4 potions of cancellation
 z - 19 potions of curing
 A - 4 potions of invisibility
 B - 7 potions of resistance
 F - 5 potions of enlightenment
 G - 2 potions of berserk rage
 N - 5 potions of mutation
Miscellaneous
 m - a phantom mirror


   Skills:
 + Level 22.6 Fighting
 - Level 6.2 Long Blades
 * Level 17.2 Axes
 + Level 15.1 Armour
 + Level 13.0 Dodging
 + Level 12.5 Shields
 - Level 9.9 Unarmed Combat
 O Level 27 Invocations
 * Level 1.5 Shapeshifting


You had 22 spell levels left.
You didn't know any spells.
Your spell library contained the following spells:

 Spells                   Type           Power      Damage    Failure   Level
 Apportation              Tloc           0%         N/A       100%        1
 Foxfire                  Conj/Fire      0%         2x1d4     100%        1
 Freeze                   Ice            0%         1d3       100%        1
 Magic Dart               Conj           0%         1d3       100%        1
 Shock                    Conj/Air       0%         1d3       100%        1
 Slow                     Hex            0%         N/A       100%        1
 Summon Small Mammal      Summ           0%         N/A       100%        1
 Blink                    Tloc           0%         N/A       100%        2
 Call Imp                 Summ           0%         N/A       100%        2
 Cigotuvi's Dreadful Rot  Necr/Pois/Air  0%         N/A       100%        2
 Lesser Beckoning         Tloc           0%         N/A       100%        2
 Momentum Strike          Conj/Tloc      0%         3d8       100%        2
 Poisonous Vapours        Pois/Air       0%         N/A       100%        2
 Scorch                   Fire           0%         2d5       100%        2
 Searing Ray              Conj           0%         2d4       100%        2
 Static Discharge         Conj/Air       0%         2-2/arc   100%        2
 Wereblood                Tmut           0%         N/A       100%        2
 Confusing Touch          Hex            0%         N/A       100%        3
 Dazzling Flash           Conj/Hex       0%         N/A       100%        3
 Frozen Ramparts          Ice            0%         1d1       100%        3
 Gell's Gravitas          Tloc           0%         N/A       100%        3
 Hailstorm                Conj/Ice       0%         3d3       100%        3
 Ignite Poison            Fire/Tmut/Pois 0%         N/A       100%        3
 Inner Flame              Hex/Fire       0%         N/A       100%        3
 Summon Guardian Golem    Hex/Summ       0%         N/A       100%        3
 Swiftness                Air            0%         N/A       100%        3
 Teleport Other           Tloc           0%         N/A       100%        3
 Tukima's Dance           Hex            0%         N/A       100%        3
 Vampiric Draining        Necr           0%         2d6       100%        3
 Vhi's Electric Charge    Tloc/Air       0%         N/A       100%        3
 Volatile Blastmotes      Fire/Tloc      0%         2d10      100%        3
 Airstrike                Air            0%         2d(0-16)  100%        4
 Animate Armour           Summ/Erth      0%         N/A       100%        4
 Animate Dead             Necr           0%         N/A       100%        4
 Flame Wave               Conj/Fire      0%         2d4       100%        4
 Fulminant Prism          Conj/Hex       0%         3d5       100%        4
 Passage of Golubria      Tloc           0%         N/A       100%        4
 Petrify                  Tmut/Erth      0%         N/A       100%        4
 Sticky Flame             Conj/Fire      0%         2d3       100%        4
 Summon Ice Beast         Ice/Summ       0%         N/A       100%        4
 Summon Lightning Spire   Summ/Air       0%         N/A       100%        4
 Agony                    Necr           0%         N/A       100%        5
 Alistair's Intoxication  Tmut/Pois      0%         N/A       100%        5
 Arcjolt                  Conj/Air       0%         1d10      100%        5
 Borgnjor's Vile Clutch   Necr/Erth      0%         N/A       100%        5
 Freezing Cloud           Conj/Ice/Air   0%         6-21      100%        5
 Irradiate                Conj/Tmut      0%         3d11      100%        5
 Iskenderun's Battlesphe  Conj           0%         2d6       100%        5
 Lee's Rapid Deconstruct  Erth           0%         3d4*      100%        5
 Metabolic Englaciation   Hex/Ice        0%         N/A       100%        5
 Silence                  Hex/Air        0%         N/A       100%        5
 Summon Forest            Summ/Tloc      0%         N/A       100%        5
 Summon Mana Viper        Hex/Summ       0%         N/A       100%        5
 Yara's Violent Unravell  Hex/Tmut       0%         3d3       100%        5
 Conjure Ball Lightning   Conj/Air       0%         3x3d6     100%        6
 Death Channel            Necr           0%         N/A       100%        6
 Dispersal                Tloc           0%         N/A       100%        6
 Eringya's Noxious Bog    Tmut/Pois      0%         4d6       100%        6
 Leda's Unmaking          Conj/Erth      0%         9d1       100%        6
 Plasma Beam              Fire/Air       0%         2x1d10    100%        6
 Simulacrum               Ice/Necr       0%         N/A       100%        6
 Starburst                Conj/Fire      0%         6d3       100%        6
 Summon Cactus Giant      Summ           0%         N/A       100%        6
 Enfeeble                 Hex            0%         N/A       100%        7
 Haunt                    Necr/Summ      0%         N/A       100%        7
 Malign Gateway           Summ/Tloc      0%         N/A       100%        7
 Orb of Destruction       Conj           0%         9d5       100%        7
 Ozocubu's Refrigeration  Ice            0%         4d7       100%        7
 Spellforged Servitor     Conj/Summ      0%         N/A       100%        7
 Summon Hydra             Summ           0%         N/A       100%        7
 Borgnjor's Revivificati  Necr           0%         N/A       100%        8
 Ignition                 Fire           0%         3d3       100%        8
 Lehudib's Crystal Spear  Conj/Erth      0%         10d2      100%        8
 Maxwell's Capacitive Co  Air            0%         ∞         100%        8
 Death's Door             Necr           0%         N/A       100%        9
 Fire Storm               Conj/Fire      0%         5d1       100%        9
 Polar Vortex             Ice            0%         N/A       100%        9


Dungeon Overview and Level Annotations

Branches:
Dungeon (15/15)            Temple (1/1) D:4            Lair (5/5) D:11
  Swamp (4/4) Lair:2       Spider (4/4) Lair:2        Slime (0/5) Lair:4
    Orc (2/2) D:11            Elf (0/3) Orc:2        Vaults (5/5) D:13
  Crypt (0/3) Vaults:2     Depths (4/4) D:15            Zot (0/5) Depths:4
  Sewer (visited)          WizLab (visited)         Gauntlet (visited)

Altars:
Ashenzari
Cheibriados
Dithmenos
Fedhas
Gozag
Hepliaklqana
Kikubaaqudgha
Makhleb
Nemelex Xobeh
Okawaru
Qazlal
Ru
Sif Muna
Trog
Uskayaw
Vehumet
Wu Jian
Xom
Yredelemnul
Jiyva

Shops:
D:7 !(=   Orc:2 :[*(   Vaults:1 [   Vaults:2 (   Vaults:4 :   Depths:2 [

Portals:
Hell: Depths:1 Depths:2 Depths:3 Depths:4
Abyss: Depths:3
Pandemonium: Depths:2


Innate Abilities, Weirdness & Mutations

You have claws for hands.
You are completely covered in yellow scales. (AC +4, rCorr)
A powerful demonic guardian rushes to your aid.
You regenerate a lot of health from kills.
Your magical and physical power is enhanced at high health.
Your body sometimes deteriorates upon taking damage.


Message History

The golden dragon zombie partially resists.
The golden dragon zombie is almost destroyed.
The blast of ice hits the royal mummy!!
The royal mummy partially resists.
The royal mummy is severely damaged.
The blast of magma engulfs the royal mummy!!!
You destroy the royal mummy!
Qazlal accepts your kill.
The emperor scorpion disappears in a puff of smoke! x2
You hear a sizzling sound!
The blast of magma engulfs the golden dragon zombie!!
You destroy the golden dragon zombie!
Qazlal accepts your kill.
You feel extremely nervous for a moment...
Pain shoots through your body!!
You feel extremely nervous for a moment...
Pain shoots through your body!
You feel extremely nervous for a moment...
You feel horribly lethargic.
You feel yourself slow down.
You feel extremely nervous for a moment...
Your body is wracked with pain!
* * * LOW HITPOINT WARNING * * *
Your body deteriorates!
You feel dopey.
You feel extremely nervous for a moment...
Your body is wracked with pain!
* * * LOW HITPOINT WARNING * * *
A demonic guardian appears!
You feel extremely nervous for a moment...
You feel horribly lethargic.
You feel as though you will be slow longer.
You feel extremely nervous for a moment...
You feel numb.
You feel extremely nervous for a moment...
Pain shoots through your body!
* * * LOW HITPOINT WARNING * * *
You feel extremely nervous for a moment...
Pain shoots through your body!
* * * LOW HITPOINT WARNING * * *
You feel extremely nervous for a moment...
Pain shoots through your body!
You die...

..........≈..≈..▓
.......≈≈.≈≈.§§..▓▓
.≈≈≈.≈≈≈..≈.§≈§...▓
≈≈≈≈.≈.≈≈≈≈≈.§≈...▓▓
≈.≈≈.≈.≈..≈≈§.§....▓
.≈≈§≈≈.≈≈○.........▓
§.≈≈≈..°...°.......▓
.§§.≈.§@.....°.....▓▓
Z§§≈§§§§Z.≈......∩..▓
.M§≈.§.2°≈≈≈≈≈.....▓▓
≈≈≈§.≈≈§§§...≈≈....▓
.§§≈..§...≈≈..≈....▓
§.≈≈≈§≈§≈§≈≈≈.≈....▓
§≈≈.≈≈≈....≈......▓▓
.§§≈.≈..≈.........▓
..............▓▓


You could see a royal mummy (frozen), a shadow dragon skeleton (frozen), a
spriggan defender skeleton (ally target) and a friendly hell beast (summoned).

Vanquished Creatures
  A dread lich (Vaults:5)
  2 ancient liches
  4 juggernauts
  4 royal mummies
  Frederick (Vaults:2)
  A shard shrike (Zig:12)
  2 Killer Klowns (Zig:9)
  Saint Roka (Depths:4)
  Margery (Vaults:4)
  A caustic shrike (Depths:3)
  A golden dragon (Depths:2)
  Nikola (Spider:4)
  Jory (Vaults:5)
  A pandemonium lord (Zig:9)
  A bone dragon (Vaults:2)
  Arachne (Spider:2)
  2 iron giants (Zig:6)
  4 tentacled monstrosities
  4 liches
  A hellephant (Zig:7)
  2 Ice Fiends (Zig:12)
  Jorgrun (D:14)
  2 walking earthen tomes (Depths:3)
  Asterion (Spider:1)
  3 searing wretches (Zig:7)
  A walking frostbound tome (Depths:3)
  6 titans
  4 sphinxes
  3 shadow dragons
  3 thorn hunters
  An eldritch tentacle (Zig:9)
  Agnes (Spider:2)
  8 tengu reavers
  7 storm dragons
  Donald (Swamp:4)
  2 fenstrider witches (Swamp:4)
  11 frost giants
  2 azure jellies (shapeshifter) (Zig:9)
  4 iron dragons
  3 narguns (Zig:12)
  12 vault wardens
  7 emperor scorpions
  3 ghouls
  2 balrugs (Zig:7)
  Louise (Depths:3)
  10 fire giants
  4 ghost moths
  4 draconian stormcallers (Depths:4)
  15 ironbound preservers
  A caustic shrike skeleton (Zig:14)
  3 reapers
  6 orc warlords
  4 broodmothers
  A broodmother (shapeshifter) (Vaults:5)
  9 ironbound thunderhulks
  4 spriggan defenders
  2 formless jellyfish
  7 very ugly things
  3 war gargoyles (Vaults:5)
  A draconian annihilator (Depths:4)
  15 stone giants
  A black draconian (Depths:4)
  A deep elf demonologist (Vaults:5)
  A green draconian (Depths:4)
  2 vampire knights
  5 eleionomae
  A purple draconian (Depths:4)
  2 dire elephants
  A minotaur (Gauntlet)
  5 bunyips
  5 spark wasps
  2 deep elf annihilators (Vaults:5)
  A red draconian (Depths:4)
  A deep elf death mage (Zig:4)
  A wendigo (Zig:12)
  10 ettins
  2 crystal guardians (Vaults:3)
  A quicksilver dragon zombie (Zig:13)
  10 yaktaur captains
  8 fire dragons
  6 entropy weavers
  8 mummy priests
  Harold (D:11)
  5 shambling mangroves
  2 hell beasts
  36 vault guards
  2 rakshasas
  10 great orbs of eyes
  3 deep elf high priests
  9 hydras
  7 ice dragons
  2 catoblepae
  2 ghost crabs
  8 ironbound frosthearts
  4 jorogumos (Spider:4)
  A juggernaut simulacrum (Zig:12)
  A peacekeeper (Vaults:3)
  4 spriggan air magi
  8 boulder beetles
  5 ogre magi
  9 deep troll shamans
  23 centaur warriors
  2 radroaches (Spider:2)
  2 anacondas (shapeshifter) (Depths:4)
  3 alligators
  5 two-headed ogres
  4 death scarabs
  2 vampire magi
  A death knight (D:15)
  7 tengu warriors
  7 deep troll earth magi
  3 death yaks
  A hell hog (Zig:7)
  10 demonic crawlers
  8 hell knights
  4 spriggan berserkers
  5 orc high priests
  A fire crab (Gauntlet)
  9 iron trolls
  6 goliath frogs
  2 sixfirhies (Swamp:4)
  A skyshark (Lair:5)
  8 pharaoh ants
  A sun moth (Spider:4)
  A golden dragon zombie (Zig:14)
  9 orb spiders
  2 death drakes
  11 swamp dragons
  3 glowing orange brains
  4 bog bodies
  10 skeletal warriors
  9 lindwurms
  4 spriggan druids
  44 deep trolls
  9 steelbarb worms
  8 wizards
  2 flayed ghosts
  An obsidian statue (Zig:12)
  6 phantasmal warriors
  8 orc knights
  A sphinx zombie (Zig:14)
  10 harpies
  19 ironbound convokers
  3 necromancers
  An orange crystal statue (Zig:12)
  3 golden dragon skeletons
  9 orc sorcerers
  A deep elf zephyrmancer (Swamp:4)
  23 ugly things
  29 wolf spiders
  3 fire giant zombies
  5 oklob plants (Lair:4)
  4 manticores
  A frost giant skeleton (Vaults:1)
  5 will-o-the-wisps
  4 cyclopes
  4 elephants (Lair:5)
  6 moths of wrath
  A smoke demon (Depths:1)
  A dwarf zombie (D:14)
  3 centaur zombies
  17 vault sentinels
  5 black mambas
  A gargoyle (D:13)
  4 ice statues
  An apocalypse crab (Zig:9)
  A titan simulacrum (Zig:12)
  3 torpor snails
  An eye of devastation (Zig:1)
  17 cane toads
  A catoblepas zombie (Lair:5)
  2 freezing wraiths
  A hellion (Zig:12)
  An unseen horror (D:11)
  11 komodo dragons
  30 yaktaurs
  A death yak zombie (Lair:5)
  2 rime drakes
  A tormentor (Zig:12)
  A tengu conjurer (D:14)
  5 meliai
  12 guardian mummies
  5 polar bears
  A tengu simulacrum (Zig:12)
  A bloated husk (Swamp:4)
  8 trolls
  21 blink frogs
  A shadow dragon simulacrum (Zig:13)
  Prince Ribbit (D:8)
  19 hornets
  11 tyrant leeches
  An ice dragon zombie (Depths:1)
  34 tarantellas
  13 dream sheep (Lair:5)
  An ettin zombie (Depths:1)
  A fire dragon zombie (Depths:1)
  A jumping spider (shapeshifter) (Vaults:5)
  A spriggan zombie (D:15)
  2 boulder beetle zombies (D:14)
  2 deep troll zombies (Depths:1)
  14 slime creatures
  A black mamba zombie (Lair:3)
  15 culicivoras
  2 slime creature zombies
  35 jumping spiders
  3 flying skulls
  11 spriggans
  5 wyverns
  3 shadows
  A ynoxinul (Gauntlet)
  5 vampires
  2 wraiths (D:12)
  2 fire bats (Gauntlet)
  3 ushabtiu (Zig:13)
  Eustachio (D:4)
  20 yaks
  4 basilisks
  61 redbacks
  14 vampire mosquitoes
  A chaos spawn (Zig:9)
  A swamp worm (shapeshifter) (Vaults:5)
  A human zombie (Depths:1)
  6 wargs
  Edmund (D:6)
  19 swamp worms
  A glowing shapeshifter zombie (Vaults:1)
  4 two-headed ogre zombies
  An acid dragon (D:12)
  A floating eye (Depths:3)
  13 water moccasins
  6 cane toad zombies
  2 ice beasts
  53 orc warriors
  A swamp drake (Zig:8)
  A sky beast (D:8)
  3 black bears
  A glowing shapeshifter skeleton (Vaults:1)
  2 dream sheep zombies (Lair:5)
  7 blink frog zombies
  17 ogres
  A manticore zombie (D:13)
  5 boggarts
  A human skeleton (Vaults:1)
  A tengu (shapeshifter) (D:13)
  A rime drake zombie (Lair:5)
  17 wolves
  8 centaurs
  A phantom (D:7)
  5 komodo dragon zombies
  3 vampire mosquito zombies (D:13)
  7 kobold brigands
  Blork the orc (D:6)
  12 bullfrogs
  3 scorpions
  3 wyvern zombies
  A necrophage (Swamp:3)
  2 water moccasin zombies
  4 yak zombies (Lair:1)
  8 wights (WizLab)
  6 troll zombies
  2 polar bear zombies
  3 killer bees (D:8)
  2 howler monkeys
  4 electric eels
  5 wolf zombies (Lair:5)
  A black bear zombie (Lair:5)
  A bullfrog zombie (Lair:4)
  Crazy Yiuf (D:6)
  2 iron imps (Gauntlet)
  6 hounds
  4 jellies
  10 orc priests
  A gnoll bouda (D:6)
  2 sleepcaps
  A boggart zombie (D:14)
  2 iguanas (D:5)
  21 orc wizards
  6 ogre zombies
  2 tengu zombies (D:13)
  17 mummies
  Robin (D:3)
  12 gnolls
  12 adders
  6 river rats (Sewer)
  2 white imps (D:6)
  An ufetubus (D:5)
  3 worms
  3 dart slugs
  60 orcs
  10 endoplasms
  6 giant cockroaches
  10 hobgoblins
  4 jackals (D:1)
  25 kobolds
  2 quokkas (D:1)
  16 ball pythons
  4 bats
  5 frilled lizards
  17 goblins
  23 orc zombies
  35 rats
  A spectral goblin (D:2)
  11 spectral weapons
1828 creatures vanquished.

Vanquished Creatures (collateral kills)
  A shard shrike (Zig:12)
  A tentacled monstrosity (Swamp:4)
  An ancient champion (WizLab)
  2 tengu reavers (Depths:3)
  A fire giant (Depths:1)
  An emperor scorpion (Spider:4)
  A balrug (Depths:1)
  An orc warlord (Vaults:3)
  A vault warden (Vaults:2)
  2 bunyips
  An ettin (Depths:1)
  A fire dragon (Depths:1)
  A spriggan zombie (D:15)
  2 ice dragons (Depths:1)
  A radroach (Spider:1)
  6 hydras
  A boulder beetle (D:14)
  2 alligators (Swamp:4)
  A catoblepas (Lair:5)
  A deep troll shaman (Lair:5)
  A tengu warrior (D:13)
  3 death yaks
  A hell knight (Vaults:4)
  2 spriggan berserkers
  A goliath frog (Swamp:2)
  An iron troll (Depths:2)
  2 skeletal warriors
  A sixfirhy (Swamp:4)
  A spriggan druid (Swamp:2)
  A death drake (Swamp:4)
  A bog body (Swamp:1)
  A steelbarb worm (Spider:1)
  A wizard (Swamp:4)
  2 orc knights (Orc:2)
  An orc sorcerer (Zig:11)
  3 wolf spiders
  A will-o-the-wisp (Swamp:4)
  A frost giant zombie (D:15)
  A black mamba (Lair:4)
  Psyche (D:9)
  2 unseen horrors (D:13)
  A cane toad (Lair:1)
  2 komodo dragons
  A yaktaur (Vaults:2)
  A tengu conjurer (Depths:2)
  A bloated husk (Swamp:4)
  A meliai (D:15)
  2 tyrant leeches
  A troll (Orc:1)
  5 hornets
  5 blink frogs
  A dream sheep (Lair:5)
  A slime creature (D:13)
  A jumping spider (Spider:4)
  2 spriggans (Swamp:2)
  7 yaks
  A wraith (D:7)
  A wyvern (Lair:5)
  5 redbacks (Spider:1)
  A neqoxec (Swamp:4)
  2 swamp worms (Swamp:2)
  A water moccasin (Lair:2)
  A boggart (D:14)
  A centaur (D:13)
  4 wolves
  A kobold brigand (D:8)
  An electric eel (Lair:3)
  An orc priest (D:10)
  A jelly (Lair:4)
  A hound (D:6)
  A hell rat (D:11)
  2 orc wizards
  A river rat (D:11)
  5 orcs
  An endoplasm (Lair:4)
  A kobold (Sewer)
  5 rats
128 creatures vanquished.

Vanquished Creatures (others)
  A titan (Zig:6)
  An eldritch tentacle (Zig:9)
  A fenstrider witch (Swamp:4)
  A death yak zombie (Lair:5)
  A human zombie (D:13)
  4 bloated husks
  A black mamba zombie (Lair:5)
  A chaos spawn (Swamp:4)
  A tengu zombie (D:14)
  A vampire mosquito zombie (D:14)
  A wyvern zombie (Lair:3)
  A troll zombie (D:14)
  3 orc zombies
  32 foxfires
  128 spectral weapons
178 creatures vanquished.

Grand Total: 2134 creatures vanquished

Notes
Turn   | Place    | Note
-------+----------+-------------------------------------------
     0 | D:1      | HallandMoats the Demonspawn Monk began the quest for the
                  | Orb.
     0 | D:1      | Reached XP level 1. HP: 18/18 MP: 1/1
   243 | D:1      | Reached skill level 1 in Invocations
   243 | D:1      | Gained mutation: You are partially covered in yellow
                  | scales. (AC +2) [demonic ancestry]
   243 | D:1      | Reached XP level 2. HP: 24/24 MP: 2/2
   321 | D:1      | Gained mutation: You regenerate a little health from kills.
                  | [demonic ancestry]
   321 | D:1      | Reached XP level 3. HP: 27/30 MP: 4/4
   798 | D:2      | Reached skill level 2 in Invocations
  1002 | D:2      | Found a faded altar of an unknown god.
  1014 | D:2      | Gained mutation: A weak demonic guardian rushes to your
                  | aid. [demonic ancestry]
  1014 | D:2      | Reached XP level 4. HP: 37/37 MP: 5/5
  1527 | D:3      | Noticed Robin
  1544 | D:3      | Reached skill level 3 in Invocations
  1550 | D:3      | Killed Robin
  1726 | D:3      | Reached XP level 5. HP: 43/43 MP: 7/7
  1936 | D:3      | Found a shadowy altar of Dithmenos.
  2144 | D:3      | Reached skill level 4 in Invocations
  2466 | D:3      | Gained mutation: You are mostly covered in yellow scales.
                  | (AC +3) [demonic ancestry]
  2466 | D:3      | Reached XP level 6. HP: 29/49 MP: 9/9
  2584 | D:4      | Reached skill level 5 in Invocations
  2739 | D:4      | Reached skill level 5 in Fighting
  2786 | D:4      | Found a staircase to the Ecumenical Temple.
  2798 | Temple   | Entered the Ecumenical Temple
  2827 | Temple   | Became a worshipper of Qazlal Stormbringer
  2827 | Temple   | Reached * piety under Qazlal
  2827 | Temple   | Reached ** piety under Qazlal
  2865 | Temple   | Reached skill level 6 in Invocations
  2871 | Temple   | Gained mutation: You have sharp fingernails. [demonic
                  | ancestry]
  2871 | Temple   | Reached XP level 7. HP: 28/56 MP: 11/11
  2941 | D:4      | Got the Notes on Venin and Misfortune
  3020 | D:4      | Noticed Eustachio
  3036 | D:4      | Killed Eustachio
  3037 | D:4      | Reached skill level 7 in Invocations
  3275 | D:5      | Entered Level 5 of the Dungeon
  3418 | D:5      | Reached skill level 8 in Invocations
  3472 | D:5      | Gained mutation: You have very sharp fingernails. [demonic
                  | ancestry]
  3472 | D:5      | Reached XP level 8. HP: 64/64 MP: 14/14
  3924 | D:6      | Reached skill level 1 in Unarmed Combat
  4018 | D:6      | Noticed Blork the orc
  4024 | D:6      | Killed Blork the orc
  4025 | D:6      | Reached skill level 9 in Invocations
  4035 | D:6      | Noticed Edmund
  4090 | D:6      | Found a glowing drain.
  4094 | Sewer    | Entered a sewer
  4278 | Sewer    | Reached *** piety under Qazlal
  4415 | Sewer    | Reached skill level 10 in Invocations
  4417 | Sewer    | Reached **** piety under Qazlal
  4770 | D:6      | Killed Edmund
  4771 | D:6      | Gained mutation: A demonic guardian rushes to your aid.
                  | [demonic ancestry]
  4771 | D:6      | Reached XP level 9. HP: 50/71 MP: 16/16
  5293 | D:6      | Found a runed translucent door.
  5294 | D:6      | Noticed Crazy Yiuf
  5304 | D:6      | Killed Crazy Yiuf
  5305 | D:6      | Reached skill level 11 in Invocations
  5715 | D:7      | Found Fante's Distillery.
  5731 | D:7      | Bought a potion of curing for 36 gold pieces
  5731 | D:7      | Bought a potion of might for 48 gold pieces
  5731 | D:7      | Bought a potion of mutation for 96 gold pieces
  5734 | D:7      | Gained mutation: You passively map a small area around you.
                  | [potion of mutation]
  5734 | D:7      | Gained mutation: You have a pair of small horns on your
                  | head. [potion of mutation]
  5734 | D:7      | Gained mutation: You passively dampen the noise of your
                  | surroundings. [potion of mutation]
  5735 | D:7      | Lost mutation: You have a pair of small horns on your head.
                  | [potion of mutation]
  5735 | D:7      | Lost mutation: You passively map a small area around you.
                  | [potion of mutation]
  5735 | D:7      | Gained mutation: You have claws for hands. [potion of
                  | mutation]
  5735 | D:7      | Gained mutation: You have a pair of small antennae on your
                  | head. [potion of mutation]
  5735 | D:7      | Gained mutation: Your natural rate of healing is unusually
                  | fast. [potion of mutation]
  5854 | D:7      | Found Bestriesk's Weapon Boutique.
  5863 | D:7      | Reached skill level 12 in Invocations
  5897 | D:7      | Found Ceujeeci's Jewellery Shop.
  6437 | D:8      | Mutation became permanent: You have very sharp fingernails.
                  | [demonic ancestry]
  6437 | D:8      | Gained mutation: You have claws for hands. [demonic
                  | ancestry]
  6437 | D:8      | Reached XP level 10. HP: 80/80 MP: 19/19
  6478 | D:8      | Noticed a two-headed ogre
  6494 | D:8      | Reached skill level 13 in Invocations
  6500 | D:8      | Reached ***** piety under Qazlal
  6504 | D:8      | Killed a two-headed ogre
  6505 | D:8      | Reached skill level 5 in Unarmed Combat
  6581 | D:8      | Paralysed by a hornet for 3 turns
  6764 | D:8      | Noticed Prince Ribbit
  6779 | D:8      | Killed Prince Ribbit
  6850 | D:8      | Reached skill level 14 in Invocations
  6870 | D:8      | Found a burning altar of Makhleb.
  6963 | D:8      | Found an ornate altar of the Wu Jian Council.
  7241 | D:9      | Noticed a centaur warrior
  7251 | D:9      | Killed a centaur warrior
  7283 | D:9      | Noticed Psyche
  7296 | D:9      | Killed Psyche
  7422 | D:9      | Found an iron altar of Okawaru.
  7554 | D:9      | Got the Atlas of the Undertaker
  7812 | D:9      | Paralysed by a hornet for 3 turns
  7819 | D:9      | Reached skill level 15 in Invocations
  8007 | D:10     | Entered Level 10 of the Dungeon
  8243 | D:10     | Noticed a two-headed ogre
  8251 | D:10     | Killed a two-headed ogre
  8252 | D:10     | Gained mutation: A powerful demonic guardian rushes to your
                  | aid. [demonic ancestry]
  8252 | D:10     | Reached XP level 11. HP: 66/89 MP: 22/22
  8529 | D:10     | Found a bloodstained altar of Trog.
  8699 | D:10     | Noticed a two-headed ogre
  8705 | D:10     | Killed a two-headed ogre
  8889 | D:11     | Noticed a death yak
  8891 | D:11     | Noticed a death yak
  8903 | D:11     | Noticed a death yak
  8908 | D:11     | Killed a death yak
  8925 | D:11     | Killed a death yak
  8926 | D:11     | Reached skill level 16 in Invocations
  8926 | D:11     | Killed a death yak
  8942 | D:11     | Found a staircase to the Lair.
  9023 | D:11     | Reached skill level 10 in Fighting
  9033 | D:11     | Noticed a two-headed ogre
  9047 | D:11     | Killed a two-headed ogre
  9132 | D:11     | Found a flickering gateway to a bazaar.
  9248 | Bazaar   | Entered a bazaar
  9262 | Bazaar   | Found Noumim's Book Shoppe.
  9262 | Bazaar   | Found Edus's Jewellery Emporium.
  9284 | Bazaar   | Found Capadd's Book Shoppe.
  9284 | Bazaar   | Found Xaeg's Magic Scroll Emporium.
  9306 | Bazaar   | Found Oruginoq's Armour Emporium.
  9390 | Bazaar   | Bought the amulet of Asenemiv {Spirit Dex+3} for 562 gold
                  | pieces
  9415 | Bazaar   | Bought a scroll of poison for 52 gold pieces
  9660 | D:11     | Found a staircase to the Orcish Mines.
  9703 | D:11     | Noticed Harold
  9718 | D:11     | Killed Harold
 10100 | D:12     | Reached skill level 17 in Invocations
 10476 | D:12     | Reached XP level 12. HP: 68/99 MP: 16/24
 10481 | D:12     | Identified the +7 demon blade of Zigayno {venom, Fly rF+
                  | MP+9 Str-5}
 11059 | D:13     | Noticed a centaur warrior
 11072 | D:13     | Killed a centaur warrior
 11169 | D:13     | Found a gate to the Vaults.
 11169 | D:13     | Noticed a vault guard
 11169 | D:13     | Noticed a vault guard
 11169 | D:13     | Noticed a vault guard
 11169 | D:13     | Noticed a boulder beetle
 11169 | D:13     | Noticed a vault guard
 11169 | D:13     | Noticed a five-headed hydra
 11193 | D:14     | Noticed Jorgrun
 11198 | D:14     | Reached skill level 18 in Invocations
 11239 | D:14     | Found a gate leading to a gauntlet.
 11248 | Gauntlet | Entered a Gauntlet
 11248 | Gauntlet | Found a transporter.
 11335 | Gauntlet | Found a large runed translucent door.
 11336 | Gauntlet | Found a large runed translucent door.
 11337 | Gauntlet | Found a large runed translucent door.
 11337 | Gauntlet | Found a large runed translucent door.
 11337 | Gauntlet | Found a runed translucent door.
 11338 | Gauntlet | Found a large runed translucent door.
 11339 | Gauntlet | Found a large runed translucent door.
 11340 | Gauntlet | Found a large runed translucent door.
 11340 | Gauntlet | Found a large runed translucent door.
 11341 | Gauntlet | Found a runed translucent gate.
 11341 | Gauntlet | Found a runed translucent gate.
 11343 | Gauntlet | Found a transporter.
 11351 | Gauntlet | Found a runed translucent gate.
 11351 | Gauntlet | Found a runed translucent door.
 11352 | Gauntlet | Found a large runed translucent door.
 11352 | Gauntlet | Found a large runed translucent door.
 11353 | Gauntlet | Found a large runed translucent door.
 11354 | Gauntlet | Found a large runed translucent door.
 11358 | Gauntlet | Found a transporter.
 11363 | Gauntlet | Found a transporter.
 11378 | Gauntlet | Found a transporter.
 11397 | Gauntlet | Found a transporter.
 11398 | Gauntlet | Noticed a ghost crab
 11409 | Gauntlet | Found a transporter.
 11418 | Gauntlet | Found a transporter.
 11433 | Gauntlet | Found a transporter.
 11433 | Gauntlet | Noticed a hell beast
 11443 | Gauntlet | Noticed a catoblepas
 11445 | Gauntlet | Found a transporter.
 11462 | Gauntlet | Found a transporter.
 11478 | Gauntlet | Found the +9 sword of Zonguldrok {reap}
 11484 | Gauntlet | Found a transporter.
 11484 | Gauntlet | Found a transporter.
 11484 | Gauntlet | Found a transporter.
 11506 | Gauntlet | Found a transporter.
 11528 | Gauntlet | Found a transporter.
 11605 | Gauntlet | Found a transporter.
 11630 | Gauntlet | Found a transporter.
 11658 | Gauntlet | Found a large runed translucent door.
 11658 | Gauntlet | Found a large runed translucent door.
 11659 | Gauntlet | Found a large runed translucent door.
 11660 | Gauntlet | Found a large runed translucent door.
 11778 | Gauntlet | Killed a hell beast
 11783 | Gauntlet | Identified the ring "Rallurgh" {rPois Stlth+}
 11833 | Gauntlet | Noticed a minotaur
 11840 | Gauntlet | Killed a minotaur
 11840 | Gauntlet | HP: 2/100 [suicidal targeting (46)]
 11993 | D:14     | Killed Jorgrun
 12009 | D:14     | Killed a boulder beetle
 12049 | D:14     | Your ally Jorgrun died
 12180 | D:14     | Noticed a tengu warrior
 12196 | D:14     | Killed a tengu warrior
 12197 | D:14     | Reached skill level 19 in Invocations
 12240 | D:14     | Killed a vault guard
 12457 | D:14     | Noticed a boulder beetle
 12465 | D:14     | Killed a boulder beetle
 12472 | D:14     | Noticed a boulder beetle
 12498 | D:14     | Killed a boulder beetle
 12569 | D:14     | Noticed a tengu warrior
 12578 | D:14     | Killed a tengu warrior
 12726 | D:14     | Noticed a centaur warrior
 12730 | D:14     | Killed a centaur warrior
 12731 | D:14     | Gained mutation: You regenerate health from kills. [demonic
                  | ancestry]
 12731 | D:14     | Reached XP level 13. HP: 107/107 MP: 26/26
 12873 | D:14     | Found a snail-covered altar of Cheibriados.
 13131 | D:14     | Found a hide-covered altar of Uskayaw.
 13583 | D:13     | Reached skill level 20 in Invocations
 14122 | D:13     | Reached skill level 5 in Axes
 14308 | D:15     | Entered Level 15 of the Dungeon
 14528 | D:15     | Found a staircase to the Depths.
 14561 | D:15     | Reached skill level 21 in Invocations
 15265 | D:15     | Reached XP level 14. HP: 95/118 MP: 21/28
 16017 | Lair:1   | Entered Level 1 of the Lair of Beasts
 16988 | Lair:2   | Reached skill level 1 in Armour
 17107 | Lair:2   | Reached skill level 1 in Shields
 17112 | Lair:2   | Identified the +0 plate armour "Jonikeur" {rPois rC- MP+9
                  | Int-2}
 17219 | Lair:2   | Found a hole to the Spider Nest.
 17527 | Lair:2   | Reached skill level 22 in Invocations
 17774 | Lair:2   | Found a staircase to the Swamp.
 18722 | Lair:4   | Found a runed translucent door.
 18797 | Lair:4   | Reached skill level 1 in Long Blades
 19020 | Lair:4   | Found a viscous altar of Jiyva.
 19020 | Lair:4   | Found a staircase to the Slime Pits.
 19793 | Lair:5   | Entered Level 5 of the Lair of Beasts
 19829 | Lair:5   | Reached XP level 15. HP: 127/127 MP: 15/30
 20172 | Lair:5   | Reached ****** piety under Qazlal
 21123 | Orc:1    | Entered Level 1 of the Orcish Mines
 21130 | Orc:1    | Found a radiant altar of Vehumet.
 21297 | Orc:1    | Reached skill level 5 in Dodging
 21302 | Orc:1    | Reached skill level 15 in Fighting
 21459 | Orc:2    | Entered Level 2 of the Orcish Mines
 21621 | Orc:2    | Found a staircase to the Elven Halls.
 21622 | Orc:2    | Found Faacaim's Antique Armour Emporium.
 21631 | Orc:2    | Found Ellopni's Book Shoppe.
 21647 | Orc:2    | Reached skill level 23 in Invocations
 21844 | Orc:2    | Found Ziyrenir's General Store.
 21879 | Orc:2    | Found Yxzis's Antique Weapon Emporium.
 22500 | Depths:1 | Entered Level 1 of the Depths
 22639 | Depths:1 | Noticed a fire giant
 22649 | Depths:1 | Killed a fire giant
 22650 | Depths:1 | Reached skill level 5 in Long Blades
 22873 | Depths:1 | Found a gateway to Hell.
 23487 | Depths:1 | Noticed a fire giant
 23490 | Depths:1 | Killed a fire giant
 24068 | Depths:1 | Reached XP level 16. HP: 69/136 MP: 16/31
 24348 | Depths:1 | Noticed a sphinx
 24357 | Depths:1 | Paralysed by a sphinx for 4 turns
 24366 | Depths:1 | Killed a sphinx
 24367 | Depths:1 | Reached skill level 5 in Armour
 24446 | Depths:1 | Reached skill level 5 in Shields
 24806 | Swamp:1  | Entered Level 1 of the Swamp
 27204 | Swamp:2  | Reached skill level 24 in Invocations
 27662 | Swamp:3  | Identified the ring "Nere" {Fire Str+3}
 28020 | Swamp:4  | Entered Level 4 of the Swamp
 28036 | Swamp:4  | Identified the +3 war axe of an ossuary {freeze, *Slow
                  | rC+++ Str+2 Int-2}
 28201 | Swamp:4  | Noticed a thorn hunter
 28206 | Swamp:4  | Noticed Donald
 28215 | Swamp:4  | Killed a thorn hunter
 28224 | Swamp:4  | Killed Donald
 28235 | Swamp:4  | Reached XP level 17. HP: 114/145 MP: 3/33
 28863 | Swamp:4  | Noticed a tentacled monstrosity
 28872 | Swamp:4  | Killed a tentacled monstrosity
 29292 | Swamp:4  | Got a decaying rune of Zot
 29484 | Spider:1 | Entered Level 1 of the Spider Nest
 30347 | Spider:1 | Noticed Asterion
 30351 | Spider:1 | Killed Asterion
 30545 | Spider:2 | Noticed Arachne
 30546 | Spider:2 | Killed Arachne
 30553 | Spider:2 | Reached skill level 25 in Invocations
 30705 | Orc:2    | Bought the +2 shield of Resistance {rF++ rC++ Will++} for
                  | 1833 gold pieces
 30705 | Orc:2    | Found the +2 shield of Resistance {rF++ rC++ Will++}
 31064 | Spider:2 | Noticed Agnes
 31073 | Spider:2 | Gained mutation: Your magical and physical power is
                  | slightly enhanced at high health. [demonic ancestry]
 31073 | Spider:2 | Reached XP level 18. HP: 155/155 MP: 34/34
 31074 | Spider:2 | Killed Agnes
 31865 | Spider:3 | Reached skill level 10 in Axes
 32406 | Spider:4 | Entered Level 4 of the Spider Nest
 32406 | Spider:4 | Noticed Nikola
 32411 | Spider:4 | Killed Nikola
 33032 | Spider:4 | Got a gossamer rune of Zot
 34176 | Depths:2 | Gained mutation: You are completely covered in yellow
                  | scales. (AC +4, rCorr) [demonic ancestry]
 34176 | Depths:2 | Reached XP level 19. HP: 149/163 MP: 29/35
 34235 | Depths:2 | Found a one-way gate leading to the halls of Pandemonium.
 34446 | Depths:2 | Found Ysunacluo's Armour Boutique.
 34542 | Depths:2 | Reached skill level 26 in Invocations
 34663 | Depths:2 | Noticed a golden dragon
 34691 | Depths:2 | Killed a golden dragon
 34781 | Depths:2 | Noticed a juggernaut
 34793 | Depths:2 | Killed a juggernaut
 35759 | Depths:3 | Identified the ring of Sang {rPois Str+4}
 35812 | Depths:3 | Noticed Louise
 35824 | Depths:3 | Killed Louise
 35912 | Depths:3 | Found a magical portal.
 35946 | WizLab   | Entered Zonguldrok's Shrine
 36156 | WizLab   | Noticed an antique lich
 36180 | WizLab   | Killed an antique lich
 36210 | WizLab   | Identified the +3 double sword of Zin's Displeasure {pain,
                  | Str+3}
 36345 | Depths:3 | Found a one-way gate to the infinite horrors of the Abyss.
 37244 | Depths:3 | Identified the +2 leather armour of Fashionability {rN+}
 37273 | Depths:3 | Got Sophisticated Magic
 37319 | Depths:3 | Gained mutation: Your magical and physical power is
                  | enhanced at high health. [demonic ancestry]
 37319 | Depths:3 | Reached XP level 20. HP: 78/166 MP: 6/37
 37476 | Depths:3 | Noticed a caustic shrike
 37487 | Depths:3 | Killed a caustic shrike
 37625 | Depths:3 | Found a one-way gateway to a ziggurat.
 37903 | Vaults:1 | Entered Level 1 of the Vaults
 37914 | Vaults:1 | Found Fitsar's Armour Shop.
 37937 | Vaults:1 | Identified the +8 flail of Navel {freeze, Str+3}
 37963 | Vaults:1 | Reached skill level 10 in Armour
 38295 | Vaults:1 | Reached skill level 27 in Invocations
 38775 | Vaults:1 | Reached skill level 10 in Dodging
 39093 | Vaults:2 | Noticed a bone dragon
 39109 | Vaults:2 | Killed a bone dragon
 39280 | Vaults:2 | Noticed Frederick
 39290 | Vaults:2 | Killed Frederick
 39294 | Vaults:2 | Found Cimel's Weapon Boutique.
 39947 | Vaults:2 | Found a staircase to the Crypt.
 40083 | Vaults:3 | Reached skill level 10 in Shields
 40363 | Vaults:3 | Reached XP level 21. HP: 182/182 MP: 38/38
 41285 | Vaults:3 | Lost mutation: Your natural rate of healing is unusually
                  | fast. [potion of mutation]
 41285 | Vaults:3 | Lost mutation: You have a pair of small antennae on your
                  | head. [potion of mutation]
 41285 | Vaults:3 | Gained mutation: You are frail. (-10% HP) [potion of
                  | mutation]
 41285 | Vaults:3 | Gained mutation: Your system is resistant to poisons.
                  | (rPois) [potion of mutation]
 41285 | Vaults:3 | Gained mutation: You have sharp toenails. [potion of
                  | mutation]
 41286 | Vaults:3 | Lost mutation: You have sharp toenails. [potion of
                  | mutation]
 41286 | Vaults:3 | Lost mutation: You are frail. (-10% HP) [potion of
                  | mutation]
 41286 | Vaults:3 | Gained mutation: You are robust. (+10% HP) [potion of
                  | mutation]
 41286 | Vaults:3 | Gained mutation: You have a pair of small horns on your
                  | head. [potion of mutation]
 41287 | Vaults:3 | Lost mutation: Your system is resistant to poisons. (rPois)
                  | [potion of mutation]
 41287 | Vaults:3 | Lost mutation: You are robust. (+10% HP) [potion of
                  | mutation]
 41287 | Vaults:3 | Lost mutation: You passively dampen the noise of your
                  | surroundings. [potion of mutation]
 41287 | Vaults:3 | Gained mutation: Your system is resistant to poisons.
                  | (rPois) [potion of mutation]
 41287 | Vaults:3 | Gained mutation: You are dopey. (Int -2) [potion of
                  | mutation]
 41287 | Vaults:3 | Gained mutation: You have large cloven feet. [potion of
                  | mutation]
 41288 | Vaults:3 | Lost mutation: You have large cloven feet. [potion of
                  | mutation]
 41288 | Vaults:3 | Lost mutation: You have a pair of small horns on your head.
                  | [potion of mutation]
 41288 | Vaults:3 | Gained mutation: You sometimes lose your temper in combat.
                  | [potion of mutation]
 41288 | Vaults:3 | Gained mutation: Your spells are a little harder to cast,
                  | but a little more powerful. [potion of mutation]
 41289 | Vaults:3 | Lost mutation: Your spells are a little harder to cast, but
                  | a little more powerful. [potion of mutation]
 41289 | Vaults:3 | Lost mutation: You are dopey. (Int -2) [potion of mutation]
 41289 | Vaults:3 | Gained mutation: Your flesh is cold resistant. (rC+)
                  | [potion of mutation]
 41290 | Vaults:3 | Lost mutation: You sometimes lose your temper in combat.
                  | [potion of mutation]
 41290 | Vaults:3 | Lost mutation: Your system is resistant to poisons. (rPois)
                  | [potion of mutation]
 41290 | Vaults:3 | Lost mutation: Your flesh is cold resistant. (rC+) [potion
                  | of mutation]
 41290 | Vaults:3 | Gained mutation: You are frail. (-10% HP) [potion of
                  | mutation]
 41290 | Vaults:3 | Gained mutation: Your magical capacity is low. (-10% MP)
                  | [potion of mutation]
 41290 | Vaults:3 | Gained mutation: You are very frail. (-20% HP) [potion of
                  | mutation]
 41652 | Vaults:4 | Noticed Margery
 41668 | Vaults:4 | Killed Margery
 41690 | Vaults:4 | Found Dungoecita's Book Emporium.
 42006 | Vaults:4 | Lost mutation: You are very frail. (-20% HP) [potion of
                  | mutation]
 42006 | Vaults:4 | Lost mutation: You are frail. (-10% HP) [potion of
                  | mutation]
 42006 | Vaults:4 | Lost mutation: Your magical capacity is low. (-10% MP)
                  | [potion of mutation]
 42006 | Vaults:4 | Gained mutation: Your body sometimes deteriorates upon
                  | taking damage. [potion of mutation]
 42016 | Vaults:4 | Identified the +8 war axe of Action {antimagic, Str+4}
 43843 | Vaults:5 | Entered Level 5 of the Vaults
 43899 | Vaults:5 | Reached XP level 22. HP: 190/192 MP: 22/39
 43910 | Vaults:5 | Reached skill level 15 in Axes
 43929 | Vaults:5 | Noticed a dread lich
 43940 | Vaults:5 | Killed a dread lich
 43982 | Vaults:5 | Noticed Jory
 43996 | Vaults:5 | Killed Jory
 44338 | Vaults:5 | Identified the staff of Arbitration {rN+ rCorr Int+2 Dex+3
                  | Necro}
 44830 | Vaults:5 | Identified the +2 demon whip "Dragon's Tongue" {freeze,
                  | rElec Will+ Str+5 Dex-5}
 44837 | Vaults:5 | Identified the +0 leather armour of Dugg {Harm Fly}
 44844 | Vaults:5 | Identified the +2 shortbow of Zogiapp {drain, rPois rC-
                  | Str-5 Dex+8}
 44950 | Vaults:5 | Got the Papyrus of Kinetic Company
 44962 | Vaults:5 | Identified the +2 chain mail of Recklessness {Int+3}
 45023 | Vaults:5 | Got Xahi's Folio of the Fair Folk
 45300 | Vaults:5 | Got a silver rune of Zot
 45594 | Depths:4 | Entered Level 4 of the Depths
 45603 | Depths:4 | Noticed Saint Roka
 45623 | Depths:4 | Killed Saint Roka
 45739 | Depths:4 | Found a radiant altar of Vehumet.
 46068 | Depths:4 | Found a gate to the Realm of Zot.
 46198 | Depths:4 | Found a basalt altar of Yredelemnul.
 46869 | Zig:1    | Entered Level 1 of a ziggurat
 46887 | Zig:2    | Entered Level 2 of a ziggurat
 46887 | Zig:2    | Identified 3 scrolls of acquirement
 46913 | Zig:3    | Entered Level 3 of a ziggurat
 46946 | Zig:4    | Entered Level 4 of a ziggurat
 46947 | Zig:4    | Noticed an ancient lich
 46958 | Zig:4    | Killed an ancient lich
 46969 | Zig:4    | Identified the ring "Tusumohu" {Fire +Blink Fly rElec}
 46977 | Zig:4    | Acquired 1065 gold pieces
 46980 | Zig:4    | Acquired a manual of Fighting
 46982 | Zig:4    | Acquired the +1 hat "Urghasur" {Rampage Regen+ Str+3 Int+3}
 46997 | Zig:5    | Entered Level 5 of a ziggurat
 47031 | Zig:5    | Got Jaockikh's Vademecum on Ill-fated Superposition
 47034 | Zig:6    | Entered Level 6 of a ziggurat
 47049 | Zig:6    | Gained mutation: You regenerate a lot of health from kills.
                  | [demonic ancestry]
 47049 | Zig:6    | Reached XP level 23. HP: 139/202 MP: 23/40
 47084 | Zig:7    | Entered Level 7 of a ziggurat
 47122 | Zig:7    | Identified the +1 quarterstaff of Eteychid {venom, rPois
                  | MP+9 Int+3}
 47131 | Zig:7    | Identified the +6 falchion "Jifaip" {venom, rC+ rN+ Int-5}
 47181 | Zig:8    | Entered Level 8 of a ziggurat
 47200 | Zig:8    | Identified the +3 glaive "Kaemnun" {speed, rPois Str+6
                  | Dex+2}
 47229 | Zig:9    | Entered Level 9 of a ziggurat
 47232 | Zig:9    | Noticed a Killer Klown
 47232 | Zig:9    | Noticed Ogiataef the pandemonium lord
 47233 | Zig:9    | Noticed a Killer Klown
 47234 | Zig:9    | Found the sphere of Battle
 47235 | Zig:9    | Killed a Killer Klown
 47236 | Zig:9    | Killed a Killer Klown
 47247 | Zig:9    | Killed Ogiataef the pandemonium lord
 47260 | Zig:9    | Identified the +0 great sword "Tojyafur" {drain, Dex+4}
 47320 | Zig:10   | Entered Level 10 of a ziggurat
 47324 | Zig:10   | Noticed a juggernaut
 47324 | Zig:10   | Noticed a juggernaut
 47332 | Zig:10   | Killed a juggernaut
 47336 | Zig:10   | Killed a juggernaut
 47356 | Zig:10   | Got the Directory of Calling
 47451 | Zig:11   | Entered Level 11 of a ziggurat
 47455 | Zig:11   | Noticed a juggernaut
 47467 | Zig:11   | Killed a juggernaut
 47498 | Zig:11   | Identified the staff of Foul Odours {rC+ rN+ Necro}
 47523 | Zig:11   | Got Dilirub's Wizard's Wisdom of the Archmaster
 47643 | Zig:12   | Entered Level 12 of a ziggurat
 47664 | Zig:12   | Noticed a shard shrike
 47666 | Zig:12   | Reached skill level 15 in Armour
 47672 | Zig:12   | Noticed a shard shrike
 47683 | Zig:12   | Killed a shard shrike
 47691 | Zig:12   | Killed a shard shrike
 47933 | Zig:12   | Identified the +3 sling "Golid" {drain, rPois Str+3 Int+8
                  | Dex-2}
 47943 | Zig:12   | Got Ugha's Vellum of Hazy Displacement
 47967 | Zig:13   | Entered Level 13 of a ziggurat
 47971 | Zig:13   | Noticed a royal mummy
 47974 | Zig:13   | Noticed a royal mummy
 47976 | Zig:13   | Killed a royal mummy
 47977 | Zig:13   | Reached skill level 1 in Shapeshifting
 47981 | Zig:13   | Killed a royal mummy
 47987 | Zig:13   | Identified the +5 sling of Patience {drain, Str+5 Int+2}
 47990 | Zig:13   | Identified the +0 morningstar "Killer Klown's Curse"
                  | {drain, rElec}
 47996 | Zig:13   | Identified the +8 whip of the Hidden Vale {heavy, rElec rC-
                  | Str+3}
 48023 | Zig:14   | Entered Level 14 of a ziggurat
 48029 | Zig:14   | Noticed a royal mummy
 48029 | Zig:14   | Noticed a royal mummy
 48031 | Zig:14   | Noticed a royal mummy
 48032 | Zig:14   | Killed a royal mummy
 48032 | Zig:14   | Killed a royal mummy
 48032 | Zig:14   | HP: 8/193 [something (6)]
 48032 | Zig:14   | Killed by a mummy priest's death curse

Illustrated notes

Levels and vault maps discovered:
D:1:      scummos_arrival_gate, layout_loops_ring, minmay_misc_feat_diagonals,
          minmay_worlds_worst_comb
D:2:      layout_loops_ring, dreamdust_ecumenical_altar_drowned_temple
D:3:      layout_loops_ring, gammafunk_temple_overflow_elements, uniq_robin
D:4:      layout_rooms, minmay_temple_entry_offerings, uniq_eustachio
D:5:      layout_layer_cave
D:6:      layout_cave_pools, lemuel_coloured_pillars_altar,
          nicolae_ossuary_entry_monument, portal_sewer_entry_e,
          uniq_blork_the_orc, uniq_edmund, uniq_crazy_yiuf_cottage
D:7:      layout_basic, serial_shops, nicolae_shop_tiny_waterfront,
          nicolae_shop_bloodbath_and_beyond, shop
D:8:      layout_basic, nzn_wu_jian_council_hall, overflow_temple_1_default,
          minmay_chambers_of_fives, uniq_prince_ribbit1
D:9:      layout_stronghold, okawaru_ov_weapons_minmay, uniq_psyche
D:10:     layout_stronghold, trog_antimagical
D:11:     layout_loops_ring, dpeg_lair_monsters, orc_0_dummy, serial_shops,
          bzr_firewalk, minmay_fractal_squares_diagonal_5, uniq_harold
D:12:     layout_basic, minivault_15
D:13:     layout_roguey, lightli_vaults_fourway_checkpoint, nicolae_the_louvre
D:14:     layout_basic, gauntlet_entry_generic, nicolae_uskayaw_dance_hall,
          slow_altar_2, uniq_jorgrun
D:15:     gammafunk_depths_entry_grave, layout_loops_ring,
          portal_ice_cave_entry_ice_statue_one, grunt_decor_cap
Temple:   nicolae_temple_superstar
Lair:1:   layout_regular_city
Lair:2:   layout_regular_city, nicolae_swamp_entry_splash_gauntlet,
          spider_nest_entry_funnel_web, cheibrodos_lair_caveside_slide,
          hangedman_lair_unloving_vines
Lair:3:   layout_hall_layers, pdpol_lair_cavern_descent
Lair:4:   layout_cellular_growth, slime_entry_2, dpeg_oklob_1
Lair:5:   grunt_lair_end_beastmaster, layout_layer_cave,
          grunt_forest_large_clearing_hut, infiniplex_staircase_pool
Swamp:1:  layout_falls_marsh, nicolae_swamp_big_swirl
Swamp:2:  layout_basic_swamp, evilmike_swamp_ruin_house_1
Swamp:3:  layout_basic_swamp, nicolae_swamp_bean_lake,
          infiniplex_staircase_pool_2
Swamp:4:  nzn_swamp_witches_coven, layout_basic_swamp, uniq_donald
Spider:1: layout_spider_delve, uniq_asterion
Spider:2: layout_spider_delve, uniq_arachne, uniq_agnes
Spider:3: layout_spider_delve
Spider:4: grunt_spider_rune_circles, nicolae_spider_world_wide_web, uniq_nikola
Orc:1:    layout_caves, basic_altar, kennysheep_orc_chapel
Orc:2:    grunt_orc_gardens, layout_caves, grunt_orc_garden, grunt_orc_garden,
          grunt_orc_garden, grunt_orc_garden
Vaults:1: nicolae_vaults_stairing_the_circle, v_misc_29,
          nicolae_vaults_six-pack, nicolae_vaults_shipping_containers_6,
          nicolae_vaults_trapezoid_lopsided_1, nicolae_vaults_tetromino_Z_2,
          vaults_room_grid, v_misc_3, nicolae_vaults_storage_room_doors,
          nicolae_vaults_apartment_1, nicolae_vaults_theta, v_misc_23,
          v_misc_29, layout_vaults_maze, serial_shops,
          nicolae_shop_gibbet_a_chance
Vaults:2: nicolae_vaults_disjoint_gnomons, nicolae_vaults_door_testing_chamber,
          hangedman_vaults_slice, v_misc_22, minmay_crypt_entry_nasty_monster,
          vaults_room_fours, nicolae_vaults_trapezoid_lopsided_2, v_misc_16,
          vaults_dpeg_encased_lava, nicolae_vaults_alarming,
          layout_vaults_big_room, serial_shops, shop, uniq_frederick
Vaults:3: nicolae_vaults_prndl, st_diamondy, nicolae_vaults_tangram_1,
          nicolae_vaults_little_squares_3, v_misc_26, vaults_mumra_minichess,
          ontoclasm_vaults_decontamination, nicolae_vaults_surprise_closet,
          nicolae_vaults_tetromino_T_1, nicolae_vaults_wrenched,
          layout_vaults_omnigrid
Vaults:4: nicolae_vaults_double_plus_3, nicolae_vaults_closet_pinwheel_3,
          nicolae_vaults_closet_pinwheel_5, vaults_room_large_hall,
          nicolae_vaults_little_squares_6, ontoclasm_vaults_gallery,
          nicolae_vaults_meiosis, v_pattern_4,
          nicolae_vaults_trapezoid_lopsided_4, vaults_dpeg_spiral,
          ontoclasm_vaults_spin, vaults_standard_mumra_lines,
          nicolae_vaults_asterisk, nicolae_vaults_asterisk,
          layout_vaults_omnibox, serial_shops, shop, uniq_margery
Vaults:5: uniq_jory
Depths:1: layout_honeycomb, minmay_misc_feat_columns, lightli_too_deep,
          kennysheep_four_rooms, roderic_lattice_octagonal_star
Depths:2: minmay_containers, layout_gridlike, serial_shops,
          nicolae_shop_real_fake_doors, hell_entry, pan_entry
Depths:3: hangedman_arch_fort, layout_basic, enter_ziggurat_a, hell_entry,
          infiniplex_enter_wizlab_glasses,
          nicolae_abyss_entry_one_way_or_another, minmay_hollow_rounded_squares,
          infiniplex_staircase_river
Depths:4: evilmike_zot_entry_argh, layout_cave_shapes, vehumet_crystals,
          hell_entry, drop_trap, yredelemnul_altar_generic, uniq_saint_roka
Zig:14

Skill      XL: |  1  2  3  4  5  6  7  8  9 10 11 12 13 14 15 16 17 18 19 20 21 22 23 |
---------------+----------------------------------------------------------------------+-----
Invocations    | 1 2 3 4 6 8 10 12 15 17 19 21 22 23 24 25 26 27 | 27.0
Axes           | 3 4 6 7 9 11 12 13 14 16 17 | 17.2
Fighting       | 4 5 6 8 9 10 11 13 14 15 16 17 18 19 20 21 22 | 22.6
Unarmed Combat | 2 4 6 7 9 |  9.9
Dodging        | 4 5 6 7 8 9 10 11 12 13 | 13.0
Armour         | 3 4 6 7 8 9 11 13 14 15 | 15.1
Shields        | 3 4 6 7 8 9 10 11 12 | 12.5
Long Blades    | 2 5 6 |  6.2
Shapeshifting  | 1 |  1.5

Action                     |  1- 3 |  4- 6 |  7- 9 | 10-12 | 13-15 | 16-18 | 19-21 | 22-24 || total
---------------------------+-------+-------+-------+-------+-------+-------+-------+-------++-------
  Melee: Whip              |   103 |   197 |   117 |       |   114 |    63 |       |       ||   594
         Hand axe          |     2 |       |   259 |    57 |   305 |   393 |       |       ||  1016
         Unarmed           |       |       |       |   258 |       |   409 |       |       ||   667
         Double sword      |       |       |       |    78 |   589 |    15 |       |       ||   682
         Demon blade       |       |       |       |    32 |    28 |    22 |       |       ||    82
         Broad axe         |       |       |       |       |       |   460 |  1218 |   409 ||  2087
  Throw: Throwing net      |       |       |       |       |     3 |     3 |       |       ||     6
 Invoke: Disaster Area     |       |       |       |     3 |     8 |     7 |     7 |     6 ||    31
         Upheaval          |       |       |       |     1 |       |       |       |       ||     1
  Evoke: Wand              |       |       |       |       |       |     1 |       |     4 ||     5
    Use: Scroll            |       |       |    11 |     7 |    11 |     9 |    14 |    11 ||    63
         Potion            |       |       |     2 |     1 |     6 |    13 |    16 |       ||    38
   Stab: Distracted        |       |       |       |     2 |     3 |    16 |    30 |    18 ||    69
         Held in net/web   |       |       |       |       |     1 |       |       |       ||     1
         Petrified         |       |       |       |       |    19 |       |       |     2 ||    21
         Petrifying        |       |       |       |       |     1 |       |       |     1 ||     2
         Invisible         |       |       |       |       |       |     2 |       |       ||     2
 Armour: Robe              |     4 |       |       |       |       |       |       |       ||     4
         Ring mail         |    34 |    68 |   111 |       |       |       |       |       ||   213
         Pearl dragon scal |       |       |    70 |   296 |  1068 |  1207 |    54 |       ||  2695
         Gold dragon scale |       |       |       |       |       |       |   606 |   225 ||   831
  Dodge: Dodged            |    69 |   114 |   233 |   176 |   692 |   887 |   220 |    91 ||  2482
         Repelled          |       |       |       |     6 |    13 |    19 |     9 |     8 ||    55
  Block: Orb               |       |     2 |    67 |   154 |   468 |   222 |       |       ||   913
         Kite shield       |       |       |       |       |       |  1011 |  1203 |   428 ||  2642

Table legend: (Time is in decaauts)
 A = Elapsed time spent in this place.
 B = Non-inter-level travel time spent in this place.
 C = Inter-level travel time spent in this place.
 D = Time resting spent in this place.
 E = Time spent auto-exploring this place.
 F = Levels seen in this place.
 G = Mean time per level.
                   A        B        C        D        E       F      G
               +--------+--------+--------+--------+--------+-----+--------+
         Total |  48428 |  45290 |   3138 |   5159 |  27691 |  58 |  835.0 |
       Dungeon |  15021 |  13944 |   1077 |    881 |   9580 |  15 | 1001.4 |
        Temple |     74 |     74 |      0 |      0 |      0 |   1 |   74.0 |
          Lair |   6110 |   5612 |    498 |    523 |   3887 |   5 | 1222.0 |
         Swamp |   4030 |   3892 |    138 |    766 |   2026 |   4 | 1007.5 |
   Spider Nest |   4172 |   4009 |    163 |    706 |   1991 |   4 | 1043.0 |
  Orcish Mines |   1344 |   1174 |    170 |      0 |    934 |   2 |  672.0 |
        Vaults |   7299 |   6721 |    578 |    310 |   4777 |   5 | 1459.8 |
        Depths |   7300 |   6789 |    511 |   1297 |   3722 |   4 | 1825.0 |
      Ziggurat |   1155 |   1155 |      0 |    464 |      0 |  14 |   82.5 |
        Bazaar |    195 |    195 |      0 |      0 |     81 |   1 |  195.0 |
         Sewer |    616 |    616 |      0 |      0 |    325 |   1 |  616.0 |
        Wizlab |    361 |    361 |      0 |     47 |     13 |   1 |  361.0 |
      Gauntlet |    744 |    744 |      0 |    164 |    353 |   1 |  744.0 |
               +--------+--------+--------+--------+--------+-----+--------+

Top non-repeatable levels by time:
Depths:1: 2351 daAuts
Vaults:4: 2086 daAuts
Depths:3: 1936 daAuts
  Lair:2: 1875 daAuts
Depths:2: 1783 daAuts
    D:15: 1723 daAuts
Vaults:5: 1505 daAuts
    D:14: 1495 daAuts
Vaults:3: 1434 daAuts
    D:13: 1367 daAuts
Spider:4: 1352 daAuts
  Lair:5: 1323 daAuts
Vaults:2: 1292 daAuts
Depths:4: 1228 daAuts
    D:11: 1193 daAuts
